 Dungeon Crawl Stone Soup version 0.30-a0-341-g6827065 (webtiles) character file.

Game seed: 9798332556723989291

5887 Dorkslayer the Covered (level 11, -6/81 HPs)
             Began as a Human Fighter on Nov 1, 2022.
             Was an Initiate of Gozag.
             Killed by divine providence
             ... invoked by an orc priest
              (14 damage)
             ... on level 8 of the Dungeon.
             The game lasted 00:23:55 (8238 turns).

Dorkslayer the Covered (Human Fighter)              Turns: 8238, Time: 00:23:55

Health: -6/81      AC: 21    Str: 16    XL:     11   Next: 8%
Magic:  11/11      EV: 17    Int:  9    God:    Gozag
Gold:   499        SH:  7    Dex: 23    Spells: 10/10 levels left

rFire   . . .      SeeInvis .    r - +1 war axe (flame)
rCold   + . .      Faith    .    c - +0 buckler
rNeg    . . .      Spirit   .    s - +0 crystal plate armour
rPois   .          Reflect  .    u - +0 helmet
rElec   .          Harm     .    E - +0 cloak
rCorr   .          Rampage  .    (no gloves)
Will    .....                    (no boots)
Stlth   ..........               G - amulet of the acrobat
HPRegen 0.33/turn                m - ring of protection from cold
MPRegen 0.12/turn                w - +6 ring of dexterity

@: acrobatic
A: no striking features
a: Renounce Religion, Potion Petition, Call Merchant, Bribe Branch


You were on level 8 of the Dungeon.
You worshipped Gozag.
Gozag was aware of your devotion.
You visited 1 branch of the dungeon, and saw 8 of its levels.
You also visited: Sewer and Bailey.

You collected 575 gold pieces.
You paid 76 gold pieces to Gozag.

Inventory:

Hand Weapons
 a - a +0 long sword
 l - a +2 short sword of electrocution
 p - a +2 vampiric hand axe
 r - a +1 war axe of flaming (weapon)
 A - a +0 broad axe
 B - the +8 shortbow "Tesebafa" {vorpal, Will+ Str+7}
   (You found it on level 6 of the Dungeon)

   Any ammunition fired from it inflicts extra damage upon your enemies.
   Str:       It affects your strength (+7).
   Will:      It increases your willpower.
 H - a +3 hand axe
Missiles
 b - 6 silver javelins (quivered)
Armour
 c - a +0 buckler (worn)
 s - a +0 crystal plate armour (worn)
 u - a +0 helmet (worn)
 E - a +0 cloak (worn)
Jewellery
 i - a ring of positive energy
 m - a ring of protection from cold (left hand)
 w - a +6 ring of dexterity (right hand)
 D - an amulet of faith
 G - an amulet of the acrobat (around neck)
Wands
 h - a wand of polymorph (20)
 C - a wand of flame (45)
Scrolls
 d - a scroll of magic mapping
 e - 4 scrolls of fog
 k - a scroll of enchant weapon {unknown}
 n - a scroll of teleportation
 q - a scroll of amnesia
 y - a scroll of torment {unknown}
 F - 2 scrolls of vulnerability
Potions
 f - 2 potions of berserk rage
 g - 3 potions of flight
 j - a potion of resistance
 o - a potion of mutation {unknown}
 v - a potion of might
 x - a potion of magic {unknown}
 z - 4 potions of cancellation {unknown}


   Skills:
 + Level 6.3 Fighting
 - Level 6.1(6.5) Short Blades
 + Level 3.0(5.0) Long Blades
 * Level 5.8 Axes
 * Level 3.7 Ranged Weapons
 + Level 2.9 Throwing
 + Level 7.4 Armour
 + Level 2.9 Dodging
 + Level 0.8 Stealth
 + Level 6.0 Shields
 * Level 5.1 Evocations


You had 10 spell levels left.
You didn't know any spells.
Your spell library contained the following spells:

 Spells                   Type           Power      Damage    Failure   Level
 Apportation              Tloc           0%         N/A       100%        1
 Freeze                   Ice            0%         1d3       100%        1
 Necrotise                Necr           0%         1d4       100%        1
 Summon Small Mammal      Summ           0%         N/A       100%        1
 Sublimation of Blood     Necr           0%         N/A       100%        2
 Call Canine Familiar     Summ           0%         N/A       100%        3
 Frozen Ramparts          Ice            0%         1d1       100%        3
 Hailstorm                Conj/Ice       0%         3d3       100%        3
 Portal Projectile        Hex/Tloc       0%         N/A       100%        3
 Animate Armour           Summ/Erth      0%         N/A       100%        4
 Leda's Liquefaction      Hex/Erth       0%         N/A       100%        4
 Petrify                  Tmut/Erth      0%         N/A       100%        4
 Blade Hands              Tmut           0%         N/A       100%        5
 Irradiate                Conj/Tmut      0%         3d11      100%        5
 Iron Shot                Conj/Erth      0%         9d1       100%        6


Dungeon Overview and Level Annotations

Branches:
Dungeon (8/15)             Temple (0/1) D:7           Sewer (visited)
 Bailey (visited)
   Lair: D:8-11

Altars:
Cheibriados
Gozag
Hepliaklqana
Okawaru
Qazlal
Uskayaw
Wu Jian
Zin
The Shining One

Annotations:
D:8 Grum


Message History

Unknown command.
You hit the wolf. You burn the wolf.
The wolf is lightly wounded.
You hit the wolf but do no damage. x2; You miss something.
The wolf bites you. The wolf bites you but does no damage. The wolf bites you.
You block the wolf's attack. Something hits you.
The wolf bites you but does no damage. x2
Unknown command.
The wolf barely misses you. The wolf completely misses you.
You block the wolf's attack. Something barely misses you.
Unknown command.
The wolf misses you. The wolf bites you but does no damage.
The wolf barely misses you. The wolf barely misses you.
The wolf completely misses you. The wolf closely misses you.
The wolf completely misses you. Something hits you!
* * * LOW HITPOINT WARNING * * *
The wolf bites you but does no damage. The wolf barely misses you.
The wolf closely misses you. Something hits you!
* * * LOW HITPOINT WARNING * * *
The wolf attacks as you move away! You block the wolf's attack. x2
The wolf barely misses you. The wolf attacks as you move away!
The wolf closely misses you.
An orc comes into view. It is wielding a +0 club.
The orc shouts!
The wolf completely misses you. The wolf barely misses you.
Okay, then.
Unknown command.
Unknown command.
As you read the scroll of fear, it crumbles to dust.
You assume a fearsome visage.
The wolf looks frightened! x3
The orc wizard easily resists.
The orc looks frightened!
An orc priest comes into view. It is wielding a +0 falchion.
Unknown command.
The orc priest shouts!
The orc shouts! x2
The orc priest calls down the wrath of Beogh upon you.
Beogh smites you!
You die...
Your body crumbles into a pile of gold.

..#..[#......# #...#[..#o...#
##.###.###...## #..
###...o.o.# ### #.## ###..o$.#
#.. .... #..o...## #.# ###.
........# ###### #.. #.
.........#######....####..
........@................ ...
........#######.##.#...#.
....#####'##.## #...##.###.#.
...........#..####.####...#.#.
...........8...........<#.#.#.
........8.....8..##.#...#.#.#.
...............h.##...#.#.#.##
...........h.....##.....#.#.#.
...##8..h.∩....8###....#.#...


You could see a wolf (fleeing), an orc priest, an orc wizard and 3 orcs.

Vanquished Creatures
  2 vault guards (Bailey)
  A two-headed ogre (D:8)
  Joseph (D:8)
  Maggie (D:7)
  Prince Ribbit (Bailey)
  Sigmund (D:4)
  4 humans (Bailey)
  Menkaure (D:6)
  2 black bears
  2 sky beasts
  A centaur (D:8)
  2 phantoms (D:5)
  4 kobold brigands
  A necrophage (D:6)
  8 bullfrogs
  A gnoll sergeant (D:6)
  2 scorpions
  A killer bee (D:6)
  4 howler monkeys
  2 jellies (D:6)
  2 hounds
  Crazy Yiuf (D:7)
  2 orc priests
  5 iguanas
  4 orc wizards
  9 adders
  7 gnolls (D:6)
  3 river rats (Sewer)
  A shadow imp (D:7)
  2 dart slugs (D:4)
  A worm (D:3)
  19 orcs
  15 ball pythons
  6 bats
  4 endoplasms
  6 giant cockroaches
  8 hobgoblins
  5 jackals
  3 quokkas
  8 frilled lizards
  7 goblins
  25 kobolds
  23 rats
208 creatures vanquished.

Notes
Turn   | Place    | Note
-------+----------+-------------------------------------------
     0 | D:1      | Dorkslayer the Human Fighter began the quest for the Orb.
     0 | D:1      | Reached XP level 1. HP: 18/18 MP: 1/1
   364 | D:1      | Reached XP level 2. HP: 24/24 MP: 2/2
   769 | D:1      | Reached XP level 3. HP: 29/29 MP: 3/3
  1035 | D:2      | Reached skill level 1 in Dodging
  1141 | D:2      | Reached XP level 4. HP: 35/35 MP: 4/4
  1195 | D:2      | Found a faded altar of an unknown god.
  2318 | D:4      | Reached skill level 1 in Short Blades
  2318 | D:4      | Reached XP level 5. HP: 29/41 MP: 5/5
  2722 | D:4      | Reached XP level 6. HP: 45/47 MP: 6/6
  2886 | D:4      | Noticed Sigmund
  2896 | D:4      | Killed Sigmund
  2897 | D:4      | Reached skill level 1 in Throwing
  2897 | D:4      | Reached skill level 4 in Armour
  2897 | D:4      | Reached XP level 7. HP: 50/53 MP: 7/7
  3120 | D:5      | Entered Level 5 of the Dungeon
  3525 | D:5      | Reached XP level 8. HP: 54/60 MP: 8/8
  3916 | D:6      | Reached skill level 5 in Armour
  3921 | D:6      | Reached skill level 1 in Evocations
  3946 | D:6      | Found a glowing drain.
  3966 | Sewer    | Entered a sewer
  4694 | D:6      | Found an iron altar of Okawaru.
  4782 | D:6      | Identified the +8 shortbow "Tesebafa" {vorpal, Will+ Str+7}
  4813 | D:6      | Found a large runed translucent door.
  4931 | D:6      | Reached skill level 5 in Fighting
  4951 | D:6      | Reached XP level 9. HP: 34/68 MP: 9/9
  4965 | D:6      | Reached skill level 5 in Short Blades
  5181 | D:6      | Noticed Menkaure
  5188 | D:6      | Killed Menkaure
  5351 | D:6      | Found a large runed translucent door.
  5392 | D:6      | Found a snail-covered altar of Cheibriados.
  5405 | D:6      | Reached skill level 6 in Armour
  5510 | D:6      | Found an opulent altar of Gozag.
  5543 | D:6      | Became a worshipper of Gozag Ym Sagoz the Greedy
  5722 | D:7      | Noticed Maggie
  5737 | D:7      | Killed Maggie
  6020 | D:7      | Reached skill level 5 in Shields
  6103 | D:7      | Found a runed translucent door.
  6104 | D:7      | Noticed Crazy Yiuf
  6357 | D:7      | Found a staircase to the Ecumenical Temple.
  6390 | D:7      | Found an ornate altar of the Wu Jian Council.
  6393 | D:7      | Found a stormy altar of Qazlal.
  6399 | D:7      | Found a hide-covered altar of Uskayaw.
  6402 | D:7      | Found a glowing golden altar of the Shining One.
  6405 | D:7      | Found a glowing silver altar of Zin.
  6444 | D:7      | Found a hazy altar of Hepliaklqana.
  6622 | D:7      | Killed Crazy Yiuf
  6755 | D:8      | Found a flagged portal.
  6758 | D:8      | Noticed Joseph
  6759 | D:8      | Noticed a two-headed ogre
  6765 | Bailey   | Entered a bailey
  6924 | Bailey   | Reached skill level 1 in Axes
  6924 | Bailey   | Reached skill level 1 in Ranged Weapons
  6956 | Bailey   | Reached XP level 10. HP: 71/76 MP: 10/10
  7047 | Bailey   | Noticed Prince Ribbit
  7047 | Bailey   | Noticed a vault guard
  7071 | Bailey   | Killed Prince Ribbit
  7072 | Bailey   | Reached skill level 7 in Armour
  7073 | Bailey   | Killed a vault guard
  7088 | Bailey   | Noticed a vault guard
  7137 | Bailey   | Killed a vault guard
  7591 | D:8      | Killed Joseph
  7592 | D:8      | Reached skill level 5 in Axes
  7634 | D:8      | Killed a two-headed ogre
  7635 | D:8      | Reached skill level 5 in Evocations
  7635 | D:8      | Reached XP level 11. HP: 10/81 MP: 11/11
  7930 | D:8      | Identified the +1 robe of the Seven Lives {Will+}
  8221 | D:8      | Noticed Grum
  8238 | D:8      | Killed from afar by an orc priest

Illustrated notes

Levels and vault maps discovered:
D:1:      sevenhm_arrival_forest_fort_small_3, layout_basic
D:2:      layout_rooms, ebering_ecumenical_altar_sacrificial
D:3:      layout_loops_ring
D:4:      layout_gridville, uniq_sigmund
D:5:      layout_basic
D:6:      layout_cave_pools, jmf_multi_god_temple2, okawaru_metal_pillars_1_2,
          portal_sewer_entry_d, uniq_menkaure
D:7:      layout_loops_ring, nicolae_overflow_hallway_of_the_gods,
          minmay_temple_entry_drinking_statues, uniq_crazy_yiuf_cottage,
          uniq_maggie
D:8:      layout_basic, enter_bailey_6, nicolae_concentric_dashed_squares_mild,
          minmay_between, uniq_joseph, uniq_grum

Skill      XL: |  1  2  3  4  5  6  7  8  9 10 11 |
---------------+----------------------------------+-----
Dodging        | 1 2 |  2.9
Long Blades    | 3 |  3.0
Short Blades   | 1 2 3 4 6 |  6.1
Throwing       | 1 2 |  2.9
Armour         | 4 5 6 7 |  7.4
Fighting       | 4 5 6 |  6.3
Evocations     | 2 4 5 |  5.1
Shields        | 4 5 6 |  6.0
Axes           | 1 5 |  5.8
Ranged Weapons | 1 3 |  3.7
Stealth        | |  0.8

Action                   |  1- 3 |  4- 6 |  7- 9 | 10-12 || total
-------------------------+-------+-------+-------+-------++-------
Melee: Long sword        |    51 |       |       |       ||    51
       Short sword       |    24 |   180 |   453 |       ||   657
       War axe           |       |       |       |   122 ||   122
Throw: Javelin           |       |       |     3 |     6 ||     9
       Dart              |       |       |     2 |     1 ||     3
Evoke: Wand              |       |       |       |    12 ||    12
  Use: Scroll            |       |     8 |     8 |     7 ||    23
       Potion            |       |     2 |       |    10 ||    12
 Stab: Distracted        |       |       |       |     2 ||     2
Armor: Scale mail        |    31 |       |       |       ||    31
       Ring mail         |    12 |    16 |       |       ||    28
       Chain mail        |       |    38 |    35 |       ||    73
       Crystal plate arm |       |       |   290 |   121 ||   411
Dodge: Dodged            |    36 |    61 |    43 |    40 ||   180
Block: Buckler           |     9 |    50 |   113 |    51 ||   223

Table legend: (Time is in decaauts)
 A = Elapsed time spent in this place.
 B = Non-inter-level travel time spent in this place.
 C = Inter-level travel time spent in this place.
 D = Time resting spent in this place.
 E = Time spent auto-exploring this place.
 F = Levels seen in this place.
 G = Mean time per level.
                   A        B        C        D        E       F      G
               +--------+--------+--------+--------+--------+-----+--------+
         Total |   8192 |   8124 |     68 |    575 |   4297 |  10 |  819.2 |
       Dungeon |   7040 |   6972 |     68 |    440 |   3875 |   8 |  880.0 |
         Sewer |    631 |    631 |      0 |     21 |    272 |   1 |  631.0 |
        Bailey |    521 |    521 |      0 |    114 |    150 |   1 |  521.0 |
               +--------+--------+--------+--------+--------+-----+--------+

Top non-repeatable levels by time:
     D:7: 1097 daAuts
     D:6: 1036 daAuts
     D:8: 1010 daAuts
     D:1: 970 daAuts
     D:4: 927 daAuts
     D:5: 773 daAuts
     D:2: 664 daAuts
   Sewer: 631 daAuts
     D:3: 560 daAuts
  Bailey: 521 daAuts
